 Dungeon Crawl Stone Soup version 0.25.1-8-g42b30a86e7 (webtiles) character file.

Game seed: 2892378242937578356

830 hawla the Grasshopper (level 7, -1/75 HPs)
             Began as a Black Draconian Conjurer on Dec 5, 2020.
             Slain by an iguana (6 damage)
             ... on level 4 of the Dungeon.
             The game lasted 00:09:07 (4774 turns).

hawla the Grasshopper (Black Draconian Conjurer)    Turns: 4774, Time: 00:09:08

Health: -1/75      AC: 23    Str: 10    XL:     7   Next: 65%
Magic:  1/15       EV:  2    Int: 18    God:
Gold:   156        SH:  0    Dex: 11    Spells: 10/17 levels left

rFire    . . .     SeeInvis .   (no weapon)
rCold    . . .     Gourm    .   (no shield)
rNeg     + + +     Faith    .   (armour unavailable)
rPois    +         Spirit   .   (helmet currently unavailable)
rElec    .         Reflect  .   (cloak currently unavailable)
rCorr    .         Harm     .   (gloves currently unavailable)
MR       .....     NoTele   +   (boots currently unavailable)
Stlth    ++........             (no amulet)
HPRegen  0.22/turn              (no ring)
MPRegen  0.14/turn              (no ring)

@: tree-form (expiring), very slightly contaminated, invisible (expiring)
A: (breathe lightning), unfitting armour, AC +6
a: no special abilities


You were on level 4 of the Dungeon.
You were very hungry.
You were a tree.
You visited 1 branch of the dungeon, and saw 4 of its levels.

You collected 156 gold pieces.

Inventory:

Missiles
 d - 9 boomerangs
 h - 31 poisoned darts (quivered)
Scrolls
 e - 2 scrolls of teleportation {unknown}
 g - 2 scrolls of remove curse
Potions
 a - a potion of magic
 c - a potion of curing
 f - a potion of cancellation
Comestibles
 b - 5 rations


   Skills:
 - Level 1.7 Dodging
 - Level 1.7 Stealth
 + Level 5.8 Spellcasting
 - Level 4.0 Conjurations
 * Level 6.1 Translocations


You had 10 spell levels left.
You knew the following spells:

 Your Spells              Type           Power        Failure   Level  Hunger
a - Magic Dart            Conj           ###.         2%          1    None
b - Searing Ray           Conj           ###...       3%          2    None
c - Iskenderun's Mystic   Conj/Tloc      ###.....     16%         4    ####...

Your spell library contained the following spells:

 Spells                   Type           Power        Failure   Level  Hunger
 Dazzling Flash           Conj/Hex       ##....       16%         3    ##.....
 Fulminant Prism          Conj/Hex       ##........   47%         4    ####...


Dungeon Overview and Level Annotations

Branches:
Dungeon (4/15)
 Temple: D:4-7

Altars:
Okawaru
The Shining One


Innate Abilities, Weirdness & Mutations

((You can breathe wild blasts of lightning.))
((Your glossy black scales are hard. (AC +6)))
You cannot fit into any form of body armour.
((You are resistant to electric shocks. (rElec)))
((You are cold-blooded and may be slowed by cold attacks.))


Message History

(Press . to maintain the ray.) With Pikel's spell broken, the former slaves thank you for their freedom.
You start resting.
Your transformation is almost over.
You start resting.
You flicker for a moment.
You start resting.
An iguana comes into view.
An iguana is nearby!
Casting: Searing Ray (safe; 3% risk of failure)
Confirm with . or Enter, or press ? or * to list all spells.
Aiming: Searing Ray (safe; 3% risk of failure)
Press: ? - help, Shift-Dir - straight line, f - iguana
Aim: an iguana (wandering, hasn't noticed you)
The searing ray hits the iguana!
The iguana is heavily wounded.
The iguana hisses angrily. (Press . to maintain the ray.)
The iguana bites you.
You die...

# #### ######
#.##..##......
#......l......
###....)♣#
.......).#
.#.........#
#.......###
##.......
#...p.#.#
.......#..
........##.#
......... ..


You could see an iguana and a neutral freed slave (wandering).

Vanquished Creatures
  Pikel (D:4)
  An ogre (D:4)
  3 orc wizards (D:3)
  A worker ant (D:3)
  4 gnolls (D:3)
  9 adders
  2 oozes
  4 worms (D:2)
  5 leopard geckos
  11 orcs
  7 bats
  6 giant cockroaches
  8 goblins
  3 hobgoblins
  3 jackals (D:1)
  7 frilled lizards
  3 kobolds
  9 rats
87 creatures vanquished.

Notes
Turn   | Place    | Note
-------+----------+-------------------------------------------
     0 | D:1      | hawla the Draconian Conjurer began the quest for the Orb.
     0 | D:1      | Reached XP level 1. HP: 14/14 MP: 3/3
   417 | D:1      | Reached XP level 2. HP: 20/20 MP: 0/5
   421 | D:1      | Learned a level 2 spell: Searing Ray
  1282 | D:1      | Reached XP level 3. HP: 26/26 MP: 5/7
  2136 | D:2      | Reached XP level 4. HP: 33/33 MP: 5/10
  2142 | D:2      | Learned a level 4 spell: Iskenderun's Mystic Blast
  2448 | D:2      | Reached skill level 1 in Translocations
  2786 | D:3      | Found an iron altar of Okawaru.
  2794 | D:3      | Reached XP level 5. HP: 35/38 MP: 3/11
  2812 | D:3      | Reached skill level 2 in Translocations
  3401 | D:3      | Reached skill level 3 in Translocations
  3510 | D:3      | Found a glowing golden altar of the Shining One.
  3610 | D:3      | Reached XP level 6. HP: 41/45 MP: 3/13
  4636 | D:4      | Noticed a slave
  4636 | D:4      | Noticed a slave
  4636 | D:4      | Noticed a slave
  4674 | D:4      | Reached skill level 5 in Spellcasting
  4674 | D:4      | Reached skill level 4 in Translocations
  4675 | D:4      | Noticed Pikel
  4741 | D:4      | Noticed a slave
  4752 | D:4      | HP: 2/45 [Pikel/+1 whip of flaming (3)]
  4756 | D:4      | Killed Pikel
  4756 | D:4      | Reached skill level 6 in Translocations
  4756 | D:4      | Your scales start taking on a glossy black colour.
  4756 | D:4      | Reached XP level 7. HP: 1/50 MP: 0/15
  4756 | D:4      | Gained mutation: You are resistant to electric shocks.
                  | (rElec) [Black Draconian growth]
  4774 | D:4      | Slain by an iguana

Illustrated notes

Levels and vault maps discovered:
D:1:      evilmike_arrival_crescent, layout_basic, minivault_23
D:2:      layout_loops_cross
D:3:      layout_loops_corners, okawaru_trees_1, tso_altar,
          gup_sewer_entry_glass, serial_glass, glass_columns_a, glass_columns_c,
          minmay_quadrilaterals
D:4:      layout_rooms, grunt_qazlal_clouds, serial_shops, nicolae_shop_trees,
          chequers_hall_statues_y, minmay_hollow_rounded_squares, uniq_pikel

Skill      XL: |  1  2  3  4  5  6 |
---------------+-------------------+-----
Spellcasting   | 3 4 5 |  5.8
Translocations | 1 3 6 |  6.1
Dodging        | |  1.7
Stealth        | |  1.7
Conjurations   | |  4.0

Action                   |  1- 3 |  4- 6 |  7- 9 || total
-------------------------+-------+-------+-------++-------
Melee: Unarmed           |    31 |    19 |       ||    50
       Tailslap          |     5 |     1 |       ||     6
Throw: Dart              |       |     1 |       ||     1
 Cast: Magic Dart        |    61 |    32 |       ||    93
       Searing Ray       |    10 |    38 |     2 ||    50
  Use: Scroll            |     3 |     2 |       ||     5
       Potion            |       |     4 |       ||     4
  Eat: Chunk             |     4 |     8 |       ||    12
Armor: Skin              |     8 |    20 |       ||    28
Dodge: Dodged            |    27 |    48 |       ||    75
